 Dungeon Crawl Stone Soup version 0.28-a0-768-g8c92f1e708 (webtiles) character file.

Game seed: 4009830175043889486

432 Astera the Chopper (level 6, 0/46 HPs)
             Began as a Palentonga Fighter on Oct 31, 2021.
             Was a Believer of Hepliaklqana.
             Slain by Pikel (7 damage)
             ... on level 3 of the Dungeon.
             The game lasted 00:09:38 (2920 turns).

Astera the Chopper (Palentonga Fighter)             Turns: 2920, Time: 00:09:39

Health: 0/46       AC:  8    Str: 20    XL:     6   Next: 67%
Magic:  6/6        EV:  7    Int:  8    God:    Hepliaklqana [**....]
Gold:   195        SH:  4    Dex: 11    Spells: 5/5 levels left

rFire   . . .      SeeInvis +   a - +0 war axe
rCold   . . .      Faith    .   c - +0 buckler
rNeg    . . .      Spirit   .   b - +0 scale mail
rPois   .          Reflect  .   e - +0 helmet
rElec   .          Harm     .   (no cloak)
rCorr   .          Rampage  .   (no gloves)
Will    .....                   (no barding)
Stlth   ..........              f - amulet of the acrobat
HPRegen 0.15/turn               i - ring of flight
MPRegen 0.10/turn               (no ring)

@: flying
A: reduced essence, large, rugged brown scales 3, see invisible, deformed body,
roll 1, armoured tail
a: Rolling Charge, Renounce Religion, Recall Ancestor, Ancestor Identity


You were on level 3 of the Dungeon.
You worshipped Hepliaklqana.
Hepliaklqana was pleased with you.
You visited 1 branch of the dungeon, and saw 4 of its levels.

You collected 195 gold pieces.

Inventory:

Hand Weapons
 a - a +0 war axe (weapon)
Armour
 b - a +0 scale mail (worn)
 c - a +0 buckler (worn)
 e - a +0 helmet (worn)
Jewellery
 f - an amulet of the acrobat (around neck)
 i - a ring of flight (left hand)
Scrolls
 d - a scroll of fog {unknown}
 k - a scroll of teleportation
 l - a scroll of blinking {unknown}
 m - a scroll of identify {unknown}
 p - a scroll of noise {unknown}
 r - 4 scrolls of enchant weapon {unknown}
Potions
 g - a potion of curing {unknown}
 h - a potion of lignification {unknown}
 j - 3 potions of flight {unknown}
 n - a potion of mutation {unknown}
 o - a potion of berserk rage {unknown}
 q - a potion of degeneration {unknown}


   Skills:
 + Level 4.0 Fighting
 + Level 4.7 Axes
 + Level 3.9 Armour
 + Level 0.6 Dodging
 + Level 0.9 Stealth
 + Level 2.8 Shields


You had 5 spell levels left.
You didn't know any spells.
Your spell library contained the following spells:

 Spells                   Type           Power      Damage    Failure   Level
 Portal Projectile        Hex/Tloc       0%         N/A       98%         3
 Stone Arrow              Conj/Erth      0%         3d7       98%         3
 Animate Armour           Summ/Erth      0%         N/A       100%        4
 Blade Hands              Tmut           0%         N/A       100%        5
 Excruciating Wounds      Necr           0%         N/A       100%        5
 Lehudib's Crystal Spear  Conj/Erth      0%         10d2      100%        8


Dungeon Overview and Level Annotations

Branches:
Dungeon (4/15)             Temple (0/1) D:4

Altars:
Hepliaklqana

Annotations:
D:3 Pikel


Innate Abilities, Weirdness & Mutations

Your life essence is reduced to manifest your ancestor. (-10% HP)
You are completely covered in rugged brown scales. (AC +3, +7% HP)
You have supernaturally acute eyesight. (SInv)
Armour fits poorly on your strangely shaped body.
You can roll at nearby foes to attack.
You have a long armoured tail.


Message History

Your scale mail prevents you from hitting the hound.
The hound is almost dead.
The hound bites you but does no damage.
You slash the hound!
You kill the hound!
Pikel hits you with a +2 whip of flaming.
Pikel burns you.
You hit Pikel but do no damage.
Pikel hits you with a +2 whip of flaming!
Pikel burns you.
You hit Pikel but do no damage.
Your tail-slap misses Pikel.
Pikel hits you with a +2 whip of flaming!
Pikel burns you.
* * * LOW HITPOINT WARNING * * *
Pikel says, "You'll make a fine lemure."
Pikel says, "Hell isn't that bad."
There is a stone staircase leading up here.
Pikel hits you with a +2 whip of flaming!
* * * LOW HITPOINT WARNING * * *
Pikel burns you.
* * * LOW HITPOINT WARNING * * *
You fly upwards.
There is a stone staircase leading down here.
Pikel misses you.
Tlalli emerges from the mists of memory!
Tlalli points at Pikel and mumbles some strange words.
The stone arrow hits Pikel!
Tlalli closely misses Pikel.
Tlalli closely misses Pikel.
Tlalli points at Pikel and mumbles some strange words.
The puff of frost hits Pikel!
Pikel hits Tlalli with a +2 whip of flaming.
Pikel burns Tlalli.
Tlalli barely misses Pikel.
Pikel hits Tlalli with a +2 whip of flaming.
Pikel burns Tlalli.
Tlalli hits Pikel with a +0 quarterstaff!
You hit Pikel.
Pikel is almost dead.
Pikel hits you with a +2 whip of flaming!
You die...

...# #..# ##.....# # ...# ##.#
#...##.### ..## #.#
#####..###.... ..## #.###
#......# #.... ...#########...#
#.###.## #....
...........###.#####.##..####....
...##.#.##........R..............
..###.#.######...K...#..#####....
.## #.#...# ##.@#####.## ##<...
..# #.###.####...#####.#####.....
..###.###.......##.....#.........
..........#####..#.....#....##...
.##.#..##.#####...>(..##....#####
.##.#........##.......##....#
.##.#.................##....#
.##....#..#####.......##....#
.####........##..<....##....#


You could see the friendly Tlalli the battlemage and Pikel (ally target).

Vanquished Creatures
  An ogre (D:4)
  An orc priest (D:4)
  A hound (D:4)
  Jessica (D:3)
  2 adders
  2 worms (D:2)
  2 dart slugs (D:1)
  2 orcs
  6 endoplasms
  A giant cockroach (D:2)
  2 goblins (D:1)
  4 hobgoblins
  2 jackals (D:3)
  2 kobolds
  3 quokkas
  6 ball pythons
  3 bats
  10 frilled lizards (D:1)
  4 rats
55 creatures vanquished.

Vanquished Creatures (collateral kills)
  Sigmund (D:3)
  A dart slug (D:4)
  An orc (D:4)
  2 bats (D:3)
  2 hobgoblins
  2 jackals (D:3)
  A frilled lizard (D:3)
  A kobold (D:3)
11 creatures vanquished.

Vanquished Creatures (others)
  2 battlemagi (D:4)
  7 plants (D:1)
9 creatures vanquished.

Grand Total: 75 creatures vanquished

Notes
Turn   | Place    | Note
-------+----------+-------------------------------------------
     0 | D:1      | Astera the Palentonga Fighter began the quest for the Orb.
     0 | D:1      | Reached XP level 1. HP: 19/19 MP: 1/1
   208 | D:1      | Reached XP level 2. HP: 16/25 MP: 2/2
   826 | D:1      | Reached XP level 3. HP: 31/31 MP: 3/3
  1161 | D:2      | Found a faded altar of an unknown god.
  1171 | D:2      | Prayed at the altar of an unknown god.
  1171 | D:2      | Became a worshipper of Hepliaklqana the Forgotten
  1171 | D:2      | Reached * piety under Hepliaklqana
  1921 | D:3      | Noticed Jessica
  1939 | D:3      | Killed Jessica
  1940 | D:3      | Reached XP level 4. HP: 33/33 MP: 4/4
  2012 | D:3      | Reached ** piety under Hepliaklqana
  2013 | D:3      | Remembered your ancestor Tlalli as a battlemage
  2169 | D:3      | Noticed Sigmund
  2399 | D:3      | Killed Sigmund
  2400 | D:3      | Reached XP level 5. HP: 40/40 MP: 5/5
  2400 | D:3      | Reached XP level 6. HP: 46/46 MP: 6/6
  2862 | D:4      | Found a staircase to the Ecumenical Temple.
  2862 | D:4      | Noticed Pikel
  2866 | D:4      | Noticed Grinder
  2920 | D:3      | Slain by Pikel

Illustrated notes

Levels and vault maps discovered:
D:1:      minmay_arrival_loop, layout_loops_ring, minivault_27,
          minmay_lizard_king
D:2:      layout_basic, hellmonk_ecumenical_altar_crossroads,
          hangedman_feature_mirror
D:3:      layout_rooms, serial_corexii_hall, corexii_hall_statues_x,
          corexii_hall_statues_s, st_stairs_2, uniq_jessica, uniq_sigmund
D:4:      cheibrodos_helix_gallery, layout_rooms, minmay_temple_entry_arrows,
          uniq_pikel, uniq_edmund, uniq_grinder

Skill      XL: |  1  2  3  4  5  6 |
---------------+-------------------+-----
Armour         | 3 |  3.9
Axes           | 3 4 |  4.7
Fighting       | 4 |  4.0
Dodging        | |  0.6
Stealth        | |  0.9
Shields        | |  2.8

Action                   |  1- 3 |  4- 6 || total
-------------------------+-------+-------++-------
Melee: War axe           |    81 |    44 ||   125
       Tailslap          |     6 |     4 ||    10
Invok: Ancestor Life: Ba |       |     1 ||     1
 Abil: Rolling Charge    |    21 |     7 ||    28
  Use: Scroll            |     3 |       ||     3
       Potion            |       |     1 ||     1
Armor: Scale mail        |    49 |    26 ||    75
Dodge: Dodged            |    34 |    35 ||    69
Block: Buckler           |    14 |     9 ||    23

Table legend: (Time is in decaauts)
 A = Elapsed time spent in this place.
 B = Non-inter-level travel time spent in this place.
 C = Inter-level travel time spent in this place.
 D = Time resting spent in this place.
 E = Time spent auto-exploring this place.
 F = Levels seen in this place.
 G = Mean time per level.
                   A        B        C        D        E       F      G
               +--------+--------+--------+--------+--------+-----+--------+
         Total |   2970 |   2794 |    176 |      0 |   2188 |   4 |  742.5 |
       Dungeon |   2970 |   2794 |    176 |      0 |   2188 |   4 |  742.5 |
               +--------+--------+--------+--------+--------+-----+--------+

Top non-repeatable levels by time:
     D:1: 1058 daAuts
     D:2: 908 daAuts
     D:3: 873 daAuts
     D:4: 131 daAuts
